AoeStats
← King Vlad VII

Arabia

508687421Analyzed
1v1 RM · 8d ago on Sep 23, 2026· 30m 41s· 2 players
Game mode
Random Map
Map size
Tiny (2 player)
Population
200
Speed
Normal
Resources
Standard
Victory
Conquest
Starting age
Dark Age
Ending age
Imperial Age
RankedLock teamsTeams togetherTeam positionsShared explorationLock speedFull tech treeHidden civsTurbo modeCheats
Victory
Defeat
🇦🇷 Spanish · Argentina
958
+16
🇬🇧 Saxons · United Kingdom
953
-26
King Vlad VII
6:17 Loom
6:51 Loom
9:43 Feudal Age
10:15 Double-Bit Axe
12:57 Horse Collar
19:56 Castle Age
18:54 Arson
19:11 Scale Mail Armor
20:05 Wheelbarrow
20:10 Forging
19:54 Fletching
20:57 Bow Saw
20:40 Gold Mining
21:02 Stone Mining
21:00 Elite Skirmisher
22:57 Bodkin Arrow
30:45 Padded Archer Armor
frannSaS
8:50 Loom
10:35 Feudal Age
16:24 Castle Age
17:16 Double-Bit Axe
27:33 Bow Saw
29:10 Bloodlines
29:00 Husbandry
30:00 Padded Archer Armor
Connection lost

Rejoining the realm…

Still unreachable

The connection could not be restored.

Session expired

The server has moved on; the page needs a fresh start.